 Dungeon Crawl Stone Soup version 0.21-a0-538-gd16b88a (webtiles) character file.

68 tidbits the Caller (level 4, 6/32 HPs)
             Began as a Gnoll Summoner on Dec 15, 2017.
             Quit the game on level 4 of the Dungeon.
             The game lasted 00:05:20 (546 turns).

tidbits the Caller (Gnoll Summoner)                  Turns: 546, Time: 00:05:21

Health: 6/32       AC:  2    Str: 10    XL:     4   Next: 19%
Magic:  5/11       EV: 15    Int: 19    God:
Gold:   41         SH:  0    Dex: 15    Spells: 10/13 levels left

rFire    . . .     SeeInvis .   f - +0 spear
rCold    . . .     Gourm    .   (no shield)
rNeg     . . .     Faith    .   a - +0 robe
rPois    .         Spirit   .   (no helmet)
rElec    .         Reflect  .   (no cloak)
rCorr    .         Harm     .   (no gloves)
MR       .....                  (no boots)
Stlth    +++.......             (no amulet)
HPRegen  0.10/turn              (no ring)
MPRegen  0.12/turn              (no ring)

@: lethally poisoned (6 -> 0), very slightly contaminated
A: distributed training, fangs 1, strong nose
a: no special abilities


You were on level 4 of the Dungeon.
You were not hungry.

You visited 1 branch of the dungeon, and saw 4 of its levels.

You collected 41 gold pieces.

Inventory:

Hand Weapons
 d - a +0 club
 f - a +0 spear (weapon)
 i - a +0 whip
 j - a +0 short sword
Missiles
 o - a throwing net (quivered) {!f}
 p - 28 arrows
Armour
 a - a +0 robe (worn)
 g - a +0 ring mail
Wands
 n - a wand of flame (22)
Scrolls
 e - 2 scrolls of random uselessness {unknown}
 h - a scroll of identify {unknown}
 l - a scroll of fear {unknown}
 m - a scroll of remove curse {unknown}
Books
 b - a book of Callings

   Spells                             Type                      Level
   a - Summon Small Mammal            Summoning                    1
   b - Call Imp                       Summoning                    2
   c - Call Canine Familiar           Summoning                    3
   d - Summon Guardian Golem          Hexes/Summoning              3
   e - Summon Lightning Spire         Summoning/Air                4
   f - Summon Ice Beast               Ice/Summoning                4
Comestibles
 c - a bread ration
 k - a meat ration


   Skills:
 + Level 1.0 Fighting
 + Level 1.0 Short Blades
 + Level 1.0 Long Blades
 + Level 1.0 Axes
 + Level 1.0 Maces & Flails
 + Level 1.0 Polearms
 + Level 1.0 Staves
 + Level 1.0 Slings
 + Level 1.0 Bows
 + Level 1.0 Crossbows
 + Level 1.0 Throwing
 + Level 1.0 Armour
 + Level 4.6 Dodging
 + Level 4.2 Stealth
 + Level 1.0 Shields
 + Level 1.0 Unarmed Combat
 + Level 5.0 Spellcasting
 + Level 0.8 Conjurations
 + Level 0.8 Hexes
 + Level 0.8 Charms
 + Level 7.1 Summonings
 + Level 0.8 Necromancy
 + Level 0.8 Translocations
 + Level 0.8 Transmutations
 + Level 0.8 Fire Magic
 + Level 0.8 Ice Magic
 + Level 0.8 Air Magic
 + Level 0.8 Earth Magic
 + Level 0.8 Poison Magic
 + Level 1.1 Invocations
 + Level 1.0 Evocations


You had 10 spell levels left.
You knew the following spells:

 Your Spells              Type           Power        Failure   Level  Hunger
a - Summon Small Mammal   Summ           ####         1%          1    None
i - Call Imp              Summ           ####....     1%          2    #......


Dungeon Overview and Level Annotations

Branches:
Dungeon (4/15)
 Temple: D:4-7

Altars:
Sif Muna


Innate Abilities, Weirdness & Mutations

Your experience applies equally to all skills.
You have very sharp teeth.
Your uncanny sense of smell can sniff out nearby items.


Message History

The leopard gecko barely misses your crimson imp.
What are your orders? t - Bark!
Orders for allies: a - Attack new target. r - Retreat! s - Stop attacking. g - Guard the area. f - Follow me.
Anything else - Cancel.
Gang up on whom?
Press: ? - help, Dir - move target cursor, f - leopard gecko
Aim: a leopard gecko (clinging) Attack!
Your crimson imp blinks!
Your crimson imp barely misses the leopard gecko.
Casting: Call Imp
Confirm with . or Enter, or press ? or * to list all spells.
A beastly little devil appears in a puff of frigid air.
The leopard gecko completely misses your crimson imp.
Your crimson imp blinks!
You swap places.
Your crimson imp hits the leopard gecko.
The leopard gecko bites your crimson imp.
You swap places.
Your crimson imp barely misses the leopard gecko.
The leopard gecko bites your crimson imp but does no damage.
What are your orders? t - Bark!
Orders for allies: a - Attack new target. p - Attack previous target. r - Retreat! s - Stop attacking. g - Guard the area. f - Follow me.
Anything else - Cancel.
Gang up on whom?
Press: ? - help, Dir - move target cursor, f/p - leopard gecko
Aim: a leopard gecko (almost dead, clinging) Attack!
Your crimson imp misses the leopard gecko.
The leopard gecko bites your crimson imp.
Your crimson imp hits the leopard gecko.
The leopard gecko dies!
You swap places.
Your crimson imp blinks!
You swap places.
You swap places.
A bat comes into view.
You are too injured to fight recklessly!
Unknown command.
The bat completely misses you.
Attack whom?
Press: ? - help, Dir - move target cursor, f - bat
Aim: a bat You reach to attack!
You closely miss the bat. The bat hits you but does no damage.
The bat closely misses your crimson imp.
Your crimson imp hits the bat.
The bat dies!
Found a chain mail.
Your white imp disappears in a puff of smoke!
There is a stone staircase leading down here.
You climb downwards.
Your summoned ally is left behind.
The orc priest shouts!
You hear a shout!
There is a stone staircase leading up here.
The adder hisses angrily.
The adder closely misses you.
Casting: Call Imp
Confirm with . or Enter, or press ? or * to list all spells.
A beastly little devil appears in a puff of flame.
The adder misses you. The adder bites you.
* * * LOW HITPOINT WARNING * * *
Casting: Call Imp
Confirm with . or Enter, or press ? or * to list all spells.
A beastly little devil appears in a puff of frigid air.
The adder bites you.
* * * LOW HITPOINT WARNING * * *
Casting: Call Imp
Confirm with . or Enter, or press ? or * to list all spells.
You miscast Call Imp.
You are very lightly contaminated with residual magic.
Distant voices call out to you! The adder completely misses you.
Your white imp gestures at the adder.
The puff of frost misses the adder.
The puff of frost hits your crimson imp.
Your crimson imp is frozen!
You aren't carrying any potions.
Unknown command.
Unknown command.
Evoke which item? (* to show all) (? for menu, Esc to quit)
Aiming: Throw Flame
Press: ? - help, Shift-Dir - straight line, f - adder
Aim: an adder The puff of flame hits the adder.
The adder is severely wounded.
The adder misses you.
Your crimson imp blinks!
Your white imp barely misses the adder.
The adder bites you.
* * * LOW HITPOINT WARNING * * *
You are lethally poisoned!
The adder poisons you!
You aren't carrying any potions.
Unknown command.
Are you sure you want to abandon this character and quit the game? (Confirm with "yes".)

... ∆ ..# ... #.######.
..... .........
.......######.......#
..........5o.....>..
#.......#.S#<..#..#
##..##.###@§#......#
...........#.....o#
##.####.######.##........
................#....####
.......#.#########.....
....(...#.#.....[##.#..##
........#.#.# .##.#..#
.......#.#.####.# # .
................##.#..


You could see an orc priest, an adder and a friendly white imp.

Vanquished Creatures
  A bat (D:2)
  2 goblins
  A hobgoblin (D:1)
  A frilled lizard (D:4)
  A rat (D:1)
6 creatures vanquished.

Vanquished Creatures (collateral kills)
  Jessica (D:3)
  Ijyb (D:3)
  A worker ant (D:4)
  A gnoll (D:1)
  A leopard gecko (D:3)
  3 orcs (D:3)
  2 bats
  2 giant cockroaches
  2 goblins (D:1)
  3 hobgoblins
  A kobold (D:2)
  A rat (D:1)
19 creatures vanquished.

Grand Total: 25 creatures vanquished

Notes
Turn   | Place    | Note
-------+----------+-------------------------------------------
     0 | D:1      | tidbits the Gnoll Summoner began the quest for the Orb.
     0 | D:1      | Reached XP level 1. HP: 13/13 MP: 6/6
    44 | D:1      | Reached XP level 2. HP: 9/19 MP: 4/7
    48 | D:1      | Learned a level 2 spell: Call Imp
   317 | D:4      | Reached skill level 5 in Spellcasting
   317 | D:4      | Reached XP level 3. HP: 7/25 MP: 1/9
   376 | D:3      | Noticed Jessica
   382 | D:3      | Noticed Ijyb
   389 | D:3      | Killed Ijyb
   389 | D:3      | Reached skill level 1 in Invocations
   393 | D:3      | Killed Jessica
   393 | D:3      | Reached skill level 1 in Fighting
   393 | D:3      | Reached skill level 1 in Short Blades
   393 | D:3      | Reached skill level 1 in Long Blades
   393 | D:3      | Reached skill level 1 in Axes
   393 | D:3      | Reached skill level 1 in Maces & Flails
   393 | D:3      | Reached skill level 1 in Polearms
   393 | D:3      | Reached skill level 1 in Staves
   393 | D:3      | Reached skill level 1 in Slings
   393 | D:3      | Reached skill level 1 in Bows
   393 | D:3      | Reached skill level 1 in Crossbows
   393 | D:3      | Reached skill level 1 in Throwing
   393 | D:3      | Reached skill level 1 in Armour
   393 | D:3      | Reached skill level 1 in Shields
   393 | D:3      | Reached skill level 1 in Unarmed Combat
   393 | D:3      | Reached skill level 1 in Evocations
   393 | D:3      | Reached XP level 4. HP: 9/32 MP: 3/11
   441 | D:3      | HP: 3/32 [orc/whip (4)]
   474 | D:3      | Found a deep blue altar of Sif Muna.
   546 | D:4      | Quit the game

Vault maps used:
D:1:      enne_arrival_octagon_isle
D:2:      lemuel_old_faithful
D:3:      overflow_temple_1_default, uniq_jessica, uniq_ijyb, uniq_natasha,
          uniq_terence
D:4:      minmay_wonky_spiral, minmay_shop_grid_forest, uniq_eustachio

Skill      XL: |  1  2  3 |
---------------+----------+-----
Spellcasting   | 5 |  5.0
Invocations    | 1 |  1.1
Fighting       | 1 |  1.0
Short Blades   | 1 |  1.0
Long Blades    | 1 |  1.0
Axes           | 1 |  1.0
Maces & Flails | 1 |  1.0
Polearms       | 1 |  1.0
Staves         | 1 |  1.0
Slings         | 1 |  1.0
Bows           | 1 |  1.0
Crossbows      | 1 |  1.0
Throwing       | 1 |  1.0
Armour         | 1 |  1.0
Shields        | 1 |  1.0
Unarmed Combat | 1 |  1.0
Evocations     | 1 |  1.0
Dodging        | |  4.6
Stealth        | |  4.2
Conjurations   | |  0.8
Hexes          | |  0.8
Charms         | |  0.8
Summonings     | |  7.1
Necromancy     | |  0.8
Translocations | |  0.8
Transmutations | |  0.8
Fire Magic     | |  0.8
Ice Magic      | |  0.8
Air Magic      | |  0.8
Earth Magic    | |  0.8
Poison Magic   | |  0.8

Action                   |  1- 3 |  4- 6 || total
-------------------------+-------+-------++-------
Melee: Spear             |    21 |    11 ||    32
       Bite              |     2 |     2 ||     4
 Cast: Summon Small Mamm |     9 |     2 ||    11
       Call Imp          |    10 |     5 ||    15
Evoke: Wand              |       |     1 ||     1
Armor: Robe              |     2 |     1 ||     3
Dodge: Dodged            |    18 |     7 ||    25

Table legend:
 A = Spawn XP
 B = Non-spawn XP
 C = Spawn XP percentage of total XP
 D = Spawn monster count
 E = Non-spawn monster count
 F = Spawn count percentage of total count
 G = Total turns spent on level
                    A         B        C        D         E        F      G
               +---------+---------+-------+---------+---------+-------+---------
         Total |       0 |      98 |   0.0 |       0 |      25 |   0.0 |   546
               +---------+---------+-------+---------+---------+-------+---------
           D:1 |       0 |      19 |   0.0 |       0 |      11 |   0.0 |   189
           D:2 |       0 |       6 |   0.0 |       0 |       4 |   0.0 |    73
           D:3 |       0 |      53 |   0.0 |       0 |       8 |   0.0 |   174
           D:4 |       0 |      20 |   0.0 |       0 |       2 |   0.0 |   110
               +---------+---------+-------+---------+---------+-------+---------

Table legend:
 A = Turns spent in this place as a percentage of turns spent in the entire game.
 B = Non-inter-level travel turns spent in this place as a percentage of non-inter-level travel turns spent in the entire game.
 C = Inter-level travel turns spent in this place as a percentage of turns spent in this place.
 D = Turns resting spent in this place as a percentage of non-inter-level travel turns spent in this place.
 E = Turns spent auto-exploring this place as a percentage of non-inter-level travel turns spent in this place.
 F = Non-inter-level travel turns spent in this place divided by the number of levels of this place that you've seen.
                   A       B       C       D       E      F
               +-------+-------+-------+-------+-------+----------------------
         Total | 100.0 | 100.0 |   0.0 |   0.0 |   0.0 | 136.5
       Dungeon | 100.0 | 100.0 |   0.0 |   0.0 |   0.0 | 136.5
               +-------+-------+-------+-------+-------+----------------------

Table legend:
 A = Kills in this place as a percentage of kills in entire the game.
 B = Kills by you in this place as a percentage of kills by you in the entire game.
 C = Kills by friends in this place as a percentage of kills by friends in the entire game.
 D = Other kills in this place as a percentage of other kills in the entire game.
 E = Experience gained in this place as a percentage of experience gained in the entire game.
 F = Experience gained in this place divided by the number of levels of this place that you have seen.
                   A       B       C       D       E      F
               +-------+-------+-------+-------+-------+----------------------
         Total | 100.0 | 100.0 | 100.0 |   N/A | 100.0 |  24.5
       Dungeon | 100.0 | 100.0 | 100.0 |   N/A | 100.0 |  24.5
               +-------+-------+-------+-------+-------+----------------------

Vault maps used:
D:1:      enne_arrival_octagon_isle
D:2:      lemuel_old_faithful
D:3:      overflow_temple_1_default, uniq_jessica, uniq_ijyb, uniq_natasha,
          uniq_terence
D:4:      minmay_wonky_spiral, minmay_shop_grid_forest, uniq_eustachio
